 Dungeon Crawl Stone Soup version 0.20.0-15-g7f486f2 (webtiles) character file.

130 Chiseanne the Magician (level 4, -1/30 HPs)
             Began as a Demonspawn Wizard on June 14, 2017.
             Killed from afar by an orc wizard (8 damage)
             ... with a magic dart
             ... on level 3 of the Dungeon.
             The game lasted 00:02:52 (2756 turns).

Chiseanne the Magician (Demonspawn Wizard)          Turns: 2756, Time: 00:02:54

Health: -1/30      AC:  5    Str:  7    XL:     4   Next: 89%
Magic:  2/10       EV: 17    Int: 20    God:
Gold:   51         SH:  0    Dex: 17    Spells: 2/11 levels left

rFire    . . .     SeeInvis .   u - +0 trident
rCold    . . .     Gourm    .   (no shield)
rNeg     . . .     Faith    .   a - +0 robe
rPois    .         Spirit   .   b - +0 hat
rElec    .         Reflect  .   (no cloak)
rCorr    .         Harm     .   (no gloves)
MR       .....                  (no boots)
Stlth    +++.......             (no amulet)
Regen    0.1/turn               (no ring)
MPRegen  0.2/turn               (no ring)

@: agile
A: molten scales 2
a: no special abilities


You were on level 3 of the Dungeon.
You were not hungry.

You visited 1 branch of the dungeon, and saw 3 of its levels.

You collected 51 gold pieces.

Inventory:

Hand Weapons
 g - a +0 club
 o - a +0 spear
 u - a +0 trident (weapon)
Missiles
 e - 39 stones (quivered)
 i - 5 tomahawks of returning
 l - 8 curare-tipped needles
 q - 16 sling bullets
Armour
 a - a +0 robe (worn)
 b - a +0 hat (worn)
Scrolls
 c - a scroll of identify {unknown}
 m - a scroll of fog {unknown}
 n - a scroll of enchant weapon {unknown}
 p - a scroll of remove curse {unknown}
Potions
 f - a potion of berserk rage {unknown}
 h - a potion of agility
 k - a potion of brilliance {unknown}
 r - a potion of flight {unknown}
 s - a potion of heal wounds {unknown}
Comestibles
 d - 2 bread rations
 j - 2 fruits
 t - a chunk of flesh


   Skills:
 - Level 1.7 Dodging
 - Level 1.7 Stealth
 * Level 4.2 Spellcasting
 * Level 3.4 Conjurations
   Level 1.0 Summonings
 - Level 0.8 Translocations


You had 2 spell levels left.
You knew the following spells:

 Your Spells              Type           Power        Failure   Level  Hunger
a - Magic Dart            Conj           ###.         3%          1    None
b - Blink                 Tloc           N/A          13%         2    #......
c - Conjure Flame         Conj/Fire      ##......     19%         3    ###....
d - Mephitic Cloud        Conj/Pois/Air  #.......     24%         3    ###....


Dungeon Overview and Level Annotations

Branches:
Dungeon (3/15)

Altars:


Innate Abilities, Weirdness & Mutations

You are mostly covered in molten scales. (AC +3)


Message History

The bullfrog is almost dead.
The bullfrog hits you but does no damage.
The orc wizard casts a spell.
The orc wizard blinks!
The bullfrog barely misses you.
Casting: Magic Dart
Confirm with . or Enter, or press ? or * to list all spells.
Aiming: Magic Dart
Press: ? - help, Shift-Dir - straight line, f/p - bullfrog
Aim: a bullfrog (almost dead)
The magic dart hits the bullfrog.
You kill the bullfrog!
Your Spellcasting skill increases to level 4!
Your Conjurations skill increases to level 3!
You have reached level 4!
You feel agile.
It was a potion of agility.
You feel agile all of a sudden.
The orc wizard points at you and mumbles some strange words.
The magic dart hits you!
You die...

##...#.#.######
#.#####.#.###.####
#........## ##...#
######.## ###.#
#.#### ###.#
#..#'###'#.#
#รท...โ‰ˆโ‰ˆโ‰ˆ...#
#)########## #@#
#o# #..........#
#..#.##.####.# #
... [.. #...# ##.##
...


You could see an orc wizard.

Vanquished Creatures
  A bullfrog (D:3)
  2 adders (D:2)
  2 dart slugs (D:1)
  2 orcs (D:3)
  6 bats
  2 giant cockroaches (D:1)
  7 goblins
  3 hobgoblins
  2 jackals (D:2)
  2 quokkas
  3 frilled lizards (D:1)
  4 kobolds
  4 rats
40 creatures vanquished.

Notes
Turn   | Place    | Note
-------+----------+-------------------------------------------
     0 | D:1      | Chiseanne the Demonspawn Wizard began the quest for the Orb.
     0 | D:1      | Reached XP level 1. HP: 13/13 MP: 4/4
   338 | D:1      | Gained mutation: You are partially covered in molten scales. (AC +2) [demonic ancestry]
   338 | D:1      | Reached XP level 2. HP: 18/19 MP: 0/6
  1335 | D:2      | Gained mutation: You are mostly covered in molten scales. (AC +3) [demonic ancestry]
  1335 | D:2      | Reached XP level 3. HP: 24/24 MP: 1/7
  2597 | D:3      | Learned a level 2 spell: Blink
  2601 | D:3      | Learned a level 3 spell: Conjure Flame
  2605 | D:3      | Learned a level 3 spell: Mephitic Cloud
  2670 | D:3      | Noticed a bullfrog
  2755 | D:3      | Killed a bullfrog
  2755 | D:3      | Reached skill level 4 in Spellcasting
  2755 | D:3      | Reached XP level 4. HP: 7/30 MP: 1/10
  2756 | D:3      | Killed from afar by an orc wizard

Skill      XL: |  1  2  3 |
---------------+----------+-----
Conjurations   | 2 3 |  3.4
Spellcasting   | 4 |  4.2
Dodging        | |  1.7
Stealth        | |  1.7
Summonings     | |  1.0
Translocations | |  0.8

Action                   |  1- 3 |  4- 6 || total
-------------------------+-------+-------++-------
Melee: Club              |    15 |       ||    15
       Spear             |     2 |       ||     2
       Trident           |     1 |       ||     1
 Cast: Magic Dart        |   102 |     1 ||   103
  Use: Potion            |       |     1 ||     1
  Eat: Chunk             |     5 |       ||     5
Armor: Robe              |    18 |       ||    18
Dodge: Dodged            |    30 |       ||    30
